Lightning vs Predators
Created - November 23, 2024 at 22:18
Goals
|
Lightning |
1 |
0 |
0 |
1 |
Predators |
0 |
2 |
0 |
2 |
|
Shots
|
Lightning |
7 |
10 |
9 |
26 |
Predators |
9 |
17 |
7 |
33 |
|
1st period
1. Lightning , Brendan Perlini 1 (Logan Couture 6, Michael Kostka 2) at 2:57
Penalties :
Rasmus Ristolainen (T.B) for Holding (Minor) at 9:30, Miro Heiskanen (T.B) for High sticking (Minor) at 16:05
2nd period
2. Predators , Alexander Ovechkin 7 (Justin Faulk 12, Mikael Granlund 13) at 7:35 (PP)
3. Predators , Claude Giroux 6 (Scott Laughton 2) at 8:27
Penalties :
Justin Faulk (Nas) for Slashing (Minor) at 0:13, Brendan Perlini (T.B) for High sticking (Minor) at 7:25, Miro Heiskanen (T.B) for Delaying the game (Minor) at 16:04
3rd period
No Goal
Penalties :
Alexander Ovechkin (Nas) for Slashing (Minor) at 4:20
Goalie Stats
Alex Nedeljkovic (T.B), 31 saves from 33 shots - (0.939), L, 8-4-0, 59:18 minutes
Kari Lehtonen (Nas), 25 saves from 26 shots - (0.962), W, 4-1-0, 60:00 minutes
Players Stats for Lightning
Player Name G A P +/- PIM S H SB GA TA FO MP PP MP PK MP
------------------------------------------------------------------------------------
Alex DeBrincat 0 0 0 -1 0 2 1 0 0 0 1/1 15:27 1:42 0:00
Alex Galchenyuk 0 0 0 0 0 2 2 0 2 1 0/0 22:33 2:16 1:45
Alexander Kerfoot 0 0 0 0 0 1 0 0 0 0 4/9 6:54 0:00 2:03
Ben Hutton 0 0 0 -1 0 0 2 1 0 1 0/0 13:18 0:00 0:14
Brendan Perlini 1 0 1 1 2 1 1 0 1 0 12/19 17:53 0:00 0:12
Daultan Leveillé 0 0 0 0 0 1 0 0 0 0 1/2 8:14 0:00 0:21
Jesper Fast 0 0 0 1 0 2 1 0 0 0 0/1 11:32 0:30 0:00
John Carlson 0 0 0 0 0 0 2 3 0 1 0/0 24:31 2:12 3:40
Lawson Crouse 0 0 0 0 0 4 2 1 1 0 1/1 23:05 2:16 3:03
Logan Couture 0 1 1 1 0 1 1 0 0 1 6/7 13:13 1:46 1:07
Max Friberg 0 0 0 0 0 1 1 0 0 0 0/0 7:58 0:00 0:00
Michael Kostka 0 1 1 1 0 0 0 0 0 0 0/0 17:18 0:00 2:24
Miro Heiskanen 0 0 0 -1 4 0 2 1 0 1 0/0 20:00 1:46 1:07
Nico Hischier 0 0 0 -1 0 1 3 0 1 0 8/14 17:30 1:42 1:31
Rasmus Ristolainen 0 0 0 0 2 3 2 2 2 0 0/0 25:07 1:46 2:25
Shayne Gostisbehere 0 0 0 1 0 2 0 0 1 0 0/0 19:11 2:12 2:24
Teemu Hartikainen 0 0 0 0 0 3 0 1 0 1 1/4 13:30 0:00 2:12
Tyler Toffoli 0 0 0 -1 0 2 2 1 0 0 2/3 16:35 1:42 0:00
Players Stats for Predators
Player Name G A P +/- PIM S H SB GA TA FO MP PP MP PK MP
------------------------------------------------------------------------------------
Alexander Ovechkin 1 0 1 0 2 4 1 1 1 0 1/1 21:10 3:27 0:07
Andreas Englund 0 0 0 0 0 0 0 0 0 0 0/0 15:46 0:00 0:58
Andy Miele 0 0 0 -1 0 4 1 0 0 0 1/6 13:34 0:00 2:37
Claude Giroux 1 0 1 1 0 4 1 0 0 1 0/3 16:13 2:40 1:14
Jack Eichel 0 0 0 0 0 2 0 1 1 0 14/33 19:14 3:27 0:00
Jaden Schwartz 0 0 0 -1 0 2 1 1 0 0 0/0 11:49 0:00 1:14
John Moore 0 0 0 0 0 1 1 2 2 0 0/0 20:24 2:45 1:56
Justin Faulk 0 1 1 0 2 2 1 2 0 1 0/0 23:10 3:22 1:03
Mark Pysyk 0 0 0 1 0 0 0 0 1 0 0/0 17:10 2:40 2:37
Markus Granlund 0 0 0 0 0 2 2 0 0 0 1/3 10:26 0:00 0:00
Mathieu Joseph 0 0 0 0 0 0 1 0 0 1 0/1 11:00 0:00 0:07
Mikael Granlund 0 1 1 0 0 3 0 0 1 2 2/2 19:24 3:27 0:00
Morgan Rielly 0 0 0 0 0 1 1 1 0 1 0/0 16:38 0:00 1:56
Nicolas Kerdiles 0 0 0 0 0 1 0 0 0 0 0/0 10:26 0:00 0:00
Reilly Smith 0 0 0 -1 0 1 3 0 0 0 0/0 11:39 0:00 0:00
Ryan Mcdonagh 0 0 0 0 0 4 1 1 0 1 0/0 24:21 3:22 2:02
Scott Laughton 0 1 1 1 0 0 4 0 0 1 6/12 14:26 2:40 0:00
Travis Dermott 0 0 0 0 0 2 2 0 0 0 0/0 19:10 2:45 0:01
3 Stars
1 - Kari Lehtonen (Nas)
2 - Claude Giroux (Nas)
3 - Scott Laughton (Nas)
Power Play
Lightning - 0 on 2 Attempt(s) - 0.00%
Predators - 1 on 4 Attempt(s) - 25.00%
Penalty Kill
Lightning - 3 on 4 Attempt(s) - 75.00%
- Score 0 goal in Penalty Kill
Predators - 2 on 2 Attempt(s) - 100.00%
- Score 0 goal in Penalty Kill
Team Stat
Lightning - Hits : 22 - Faceoff Wins : 36 - Blocked Shots : 10 - Penalty Minutes : 8
Predators - Hits : 20 - Faceoff Wins : 25 - Blocked Shots : 9 - Penalty Minutes : 4
Official
Referees : Jon McIsaac and Francois St. Laurent
Linesman : Devin Berg and Tony Sericolo
Game Notes
Alexander Kerfoot is injured at 19:11 of 1st period (Broken Ribs)
Finance
Level 1 -- Attendance: 6000 (100.00%) -- Ticket Income $600,000
Level 2 -- Attendance: 5000 (100.00%) -- Ticket Income $350,000
Level 3 -- Attendance: 1794 (89.70%) -- Ticket Income $71,760
Level 4 -- Attendance: 3956 (98.90%) -- Ticket Income $118,680
Luxury Box -- Attendance: 991 (99.10%) -- Ticket Income $198,200
Game was played at the Bridgestone arena.
Total Attendance: 17741 (98.56%)
Total Ticket Income: $1,338,640
Other Income: $200,796
Total Income: $1,539,436
Lightning
5 vs 5 Forward
Center Left Wing Right Wing Time % Phy DF OF
1 Alexander Kerfoot Alex Galchenyuk Lawson Crouse 40 1 2 2
2 Nico Hischier Alex DeBrincat Tyler Toffoli 30 1 2 2
3 Logan Couture Brendan Perlini Jesper Fast 20 1 2 2
4 Daultan Leveillé Teemu Hartikainen Max Friberg 10 1 2 2
5 vs 5 Defense
Defense Defense Time % Phy DF OF
1 Rasmus Ristolainen John Carlson 40 1 2 2
2 Michael Kostka Shayne Gostisbehere 30 1 2 2
3 Ben Hutton Miro Heiskanen 20 1 2 2
4 Rasmus Ristolainen Miro Heiskanen 10 1 2 2
PowerPlay Forward
Center Left Wing Right Wing Time % Phy DF OF
1 Alexander Kerfoot Alex Galchenyuk Lawson Crouse 60 1 2 2
2 Nico Hischier Alex DeBrincat Tyler Toffoli 40 1 2 2
PowerPlay Defense
Defense Defense Time % Phy DF OF
1 Rasmus Ristolainen Miro Heiskanen 60 1 2 2
2 Shayne Gostisbehere John Carlson 40 1 2 2
Penalty Kill 4 Players Forward
Center Wing Time % Phy DF OF
1 Alexander Kerfoot Lawson Crouse 60 1 2 2
2 Logan Couture Teemu Hartikainen 40 1 2 2
Penalty Kill 4 Players Defense
Defense Defense Time % Phy DF OF
1 Rasmus Ristolainen John Carlson 60 1 2 2
2 Michael Kostka Shayne Gostisbehere 40 1 2 2
Penalty Kill - 3 Players Forward
Forward Time % Phy DF OF
1 Alexander Kerfoot 60 1 2 2
2 Logan Couture 40 1 2 2
Penalty Kill - 3 Players Defense
Defense Defense Time % Phy DF OF
1 Rasmus Ristolainen John Carlson 60 1 2 2
2 Michael Kostka Shayne Gostisbehere 40 1 2 2
4 vs 4 Forward
Center Wing Time % Phy DF OF
1 Alexander Kerfoot Lawson Crouse 50 1 2 2
2 Nico Hischier Alex Galchenyuk 50 1 2 2
4 vs 4 Defense
Defense Defense Time % Phy DF OF
1 Rasmus Ristolainen John Carlson 60 1 2 2
2 Michael Kostka Shayne Gostisbehere 40 1 2 2
Last Minutes Offensive
Center Left Wing Right Wing Defense Defense
Alexander Kerfoot Alex Galchenyuk Lawson Crouse Rasmus Ristolainen John Carlson
Last Minutes Defensive
Center Left Wing Right Wing Defense Defense
Alexander Kerfoot Alex Galchenyuk Lawson Crouse Rasmus Ristolainen John Carlson
Goaltenders
Starting : Alex Nedeljkovic
Backup : Anton Forsberg
Extra Forwards
Normal : Brendan Perlini, Jesper Fast, Teemu Hartikainen - PP : Logan Couture, Jesper Fast - PK : Teemu Hartikainen
Extra Defensemen
Normal : Ben Hutton, Miro Heiskanen, Michael Kostka - PP : Ben Hutton - PK : Miro Heiskanen, Michael Kostka
Penalty Shots
Alexander Kerfoot, Lawson Crouse, Alex Galchenyuk, Tyler Toffoli, Logan Couture
Custom OT Lines Forwards
Alexander Kerfoot, Lawson Crouse, Alex Galchenyuk, Tyler Toffoli, Logan Couture, Alex DeBrincat, Jesper Fast, Teemu Hartikainen, Daultan Leveillé, Brendan Perlini
Custom OT Lines Defensemen
Rasmus Ristolainen, John Carlson, Michael Kostka, Shayne Gostisbehere, Ben Hutton
Scratches
Dalton Thrower (Healthy), Brandon Hagel (Suspend)
Predators
5 vs 5 Forward
Center Left Wing Right Wing Time % Phy DF OF
1 Jack Eichel Alexander Ovechkin Mikael Granlund 40 1 2 2
2 Scott Laughton Claude Giroux Mark Pysyk 30 1 2 2
3 Andy Miele Jaden Schwartz Reilly Smith 20 1 2 2
4 Markus Granlund Nicolas Kerdiles Mathieu Joseph 10 1 2 2
5 vs 5 Defense
Defense Defense Time % Phy DF OF
1 Ryan Mcdonagh Justin Faulk 40 1 2 2
2 John Moore Travis Dermott 30 1 2 2
3 Andreas Englund Morgan Rielly 20 1 2 2
4 Ryan Mcdonagh Justin Faulk 10 1 3 1
PowerPlay Forward
Center Left Wing Right Wing Time % Phy DF OF
1 Jack Eichel Alexander Ovechkin Mikael Granlund 60 1 1 3
2 Scott Laughton Claude Giroux Mark Pysyk 40 1 1 3
PowerPlay Defense
Defense Defense Time % Phy DF OF
1 Ryan Mcdonagh Justin Faulk 60 1 2 2
2 John Moore Travis Dermott 40 1 2 2
Penalty Kill 4 Players Forward
Center Wing Time % Phy DF OF
1 Andy Miele Mark Pysyk 60 1 2 2
2 Claude Giroux Jaden Schwartz 40 1 2 2
Penalty Kill 4 Players Defense
Defense Defense Time % Phy DF OF
1 Ryan Mcdonagh Justin Faulk 60 1 3 1
2 John Moore Morgan Rielly 40 1 3 1
Penalty Kill - 3 Players Forward
Forward Time % Phy DF OF
1 Mark Pysyk 60 1 3 1
2 Claude Giroux 40 1 3 1
Penalty Kill - 3 Players Defense
Defense Defense Time % Phy DF OF
1 Ryan Mcdonagh Justin Faulk 60 1 3 1
2 John Moore Morgan Rielly 40 1 3 1
4 vs 4 Forward
Center Wing Time % Phy DF OF
1 Mikael Granlund Alexander Ovechkin 60 1 2 2
2 Jack Eichel Claude Giroux 40 1 2 2
4 vs 4 Defense
Defense Defense Time % Phy DF OF
1 Ryan Mcdonagh Justin Faulk 60 1 2 2
2 John Moore Travis Dermott 40 1 2 2
Last Minutes Offensive
Center Left Wing Right Wing Defense Defense
Jack Eichel Alexander Ovechkin Mikael Granlund Ryan Mcdonagh Justin Faulk
Last Minutes Defensive
Center Left Wing Right Wing Defense Defense
Andy Miele Claude Giroux Mark Pysyk Ryan Mcdonagh John Moore
Goaltenders
Starting : Kari Lehtonen
Backup : Andrei Vasilevskiy
Extra Forwards
Normal : Jaden Schwartz, Reilly Smith, Mathieu Joseph - PP : Jaden Schwartz, Reilly Smith - PK : Mathieu Joseph
Extra Defensemen
Normal : John Moore, Morgan Rielly, Travis Dermott - PP : Morgan Rielly - PK : Andreas Englund, Travis Dermott
Penalty Shots
Alexander Ovechkin, Jack Eichel, Claude Giroux, Mikael Granlund, Jaden Schwartz
Custom OT Lines Forwards
Jack Eichel, Mikael Granlund, Alexander Ovechkin, Claude Giroux, Jaden Schwartz, Mark Pysyk, Reilly Smith, Scott Laughton, Andy Miele,
Custom OT Lines Defensemen
Ryan Mcdonagh, Justin Faulk, John Moore, Travis Dermott, Morgan Rielly
Scratches
Joel Armia (Healthy)
% Time on Ice - Lightning
Lines # - Real PCT - Wanted PCT - Time Play
Normal Forward
1 - 38% - 40% - 18:32
2 - 34% - 30% - 16:43
3 - 15% - 20% - 7:06
4 - 13% - 10% - 6:23
Normal Defense
1 - 39% - 40% - 19:05
2 - 29% - 30% - 14:11
3 - 26% - 20% - 12:40
4 - 6% - 10% - 2:48
PP Forward
1 - 57% - 60% - 2:16
2 - 43% - 40% - 1:42
PP Defense
1 - 45% - 60% - 1:46
2 - 55% - 40% - 2:12
PK Forward
1 - 82% - 60% - 5:00
2 - 18% - 40% - 1:07
PK Defense
1 - 61% - 60% - 3:43
2 - 39% - 40% - 2:24
PK3 Forward
1 - 0% - 60%
2 - 0% - 40%
PK3 Defense
1 - 0% - 60%
2 - 0% - 40%
44 Forward
1 - 0% - 50%
2 - 0% - 50%
44 Defense
1 - 0% - 60%
2 - 0% - 40%
Last Minute Offensive - 1:11
Last Minute Defensive - 0:00
Total
Forward - 60:00
Defense - 60:00
|
% Time on Ice - Predators
Lines # - Real PCT - Wanted PCT - Time Play
Normal Forward
1 - 32% - 40% - 15:29
2 - 29% - 30% - 14:13
3 - 18% - 20% - 8:39
4 - 21% - 10% - 10:26
Normal Defense
1 - 38% - 40% - 18:28
2 - 32% - 30% - 15:47
3 - 27% - 20% - 13:24
4 - 2% - 10% - 1:08
PP Forward
1 - 56% - 60% - 3:27
2 - 44% - 40% - 2:40
PP Defense
1 - 55% - 60% - 3:22
2 - 45% - 40% - 2:45
PK Forward
1 - 69% - 60% - 2:44
2 - 31% - 40% - 1:14
PK Defense
1 - 51% - 60% - 2:02
2 - 49% - 40% - 1:56
PK3 Forward
1 - 0% - 60%
2 - 0% - 40%
PK3 Defense
1 - 0% - 60%
2 - 0% - 40%
44 Forward
1 - 0% - 60%
2 - 0% - 40%
44 Defense
1 - 0% - 60%
2 - 0% - 40%
Last Minute Offensive - 0:00
Last Minute Defensive - 1:08
Total
Forward - 60:00
Defense - 60:00
|
Play-by-Play
1st period
0:01 of 1st period - Alexander Kerfoot wins face-off versus Jack Eichel in neutral zone.
0:16 of 1st period - Snap shot by Jack Eichel.
0:16 of 1st period - Stopped by Alex Nedeljkovic without a rebound.
0:17 of 1st period - Scott Laughton wins face-off versus Nico Hischier in Lightning zone.
0:20 of 1st period - Wrist shot by Claude Giroux.
0:20 of 1st period - Stopped by Alex Nedeljkovic without a rebound.
0:21 of 1st period - Tyler Toffoli wins face-off versus Scott Laughton in Lightning zone.
0:50 of 1st period - Backhand shot by Jesper Fast.
0:50 of 1st period - Deflect By John Moore.
0:50 of 1st period - Shot Misses the Net.
0:50 of 1st period - Puck is out of play.
0:51 of 1st period - Logan Couture wins face-off versus Andy Miele in Predators zone.
1:44 of 1st period - Wrist shot by Nicolas Kerdiles.
1:44 of 1st period - Shot Misses the Net.
2:57 of 1st period - Wrist shot by Brendan Perlini.
2:57 of 1st period - Goal by Brendan Perlini - Lightning : 1 - Predators : 0.
2:58 of 1st period - Lawson Crouse wins face-off versus Jack Eichel in neutral zone.
3:25 of 1st period - Ryan Mcdonagh is hit by Nico Hischier and loses puck.
3:32 of 1st period - Slapshot by Travis Dermott.
3:32 of 1st period - Deflect By Rasmus Ristolainen.
3:32 of 1st period - Stopped by Alex Nedeljkovic without a rebound.
3:33 of 1st period - Scott Laughton wins face-off versus Nico Hischier in Lightning zone.
3:38 of 1st period - Wrist shot by Claude Giroux.
3:38 of 1st period - Stopped by Alex Nedeljkovic with a rebound.
3:46 of 1st period - Snap shot by Tyler Toffoli.
3:46 of 1st period - Shot Blocked by John Moore.
4:49 of 1st period - John Carlson is hit by Mathieu Joseph and loses puck.
5:31 of 1st period - Andreas Englund is hit by Lawson Crouse and loses puck.
5:52 of 1st period - Logan Couture is hit by Andy Miele and loses puck.
5:59 of 1st period - Snap shot by Andy Miele.
5:59 of 1st period - Stopped by Alex Nedeljkovic without a rebound.
6:00 of 1st period - Mikael Granlund wins face-off versus Alexander Kerfoot in Lightning zone.
7:07 of 1st period - Slapshot by Teemu Hartikainen.
7:07 of 1st period - Shot Misses the Net.
7:09 of 1st period - Wrist shot by Max Friberg.
7:09 of 1st period - Stopped by Kari Lehtonen without a rebound.
7:10 of 1st period - Markus Granlund wins face-off versus Daultan Leveillé in Predators zone.
7:26 of 1st period - Off-side.
7:27 of 1st period - Jack Eichel wins face-off versus Alexander Kerfoot in neutral zone.
7:34 of 1st period - Wrist shot by Alexander Kerfoot.
7:34 of 1st period - Stopped by Kari Lehtonen with a rebound.
7:36 of 1st period - Wrist shot by Alex Galchenyuk.
7:36 of 1st period - Shot Blocked by Jack Eichel.
7:38 of 1st period - Wrist shot by Lawson Crouse.
7:38 of 1st period - Shot Blocked by Justin Faulk.
8:03 of 1st period - Snap shot by Jesper Fast.
8:03 of 1st period - Deflect By Brendan Perlini.
8:03 of 1st period - Shot Blocked by John Moore.
8:03 of 1st period - Puck is out of play.
8:04 of 1st period - Nico Hischier wins face-off versus Claude Giroux in Predators zone.
8:39 of 1st period - Michael Kostka is hit by John Moore and loses puck.
8:59 of 1st period - Icing by Alexander Kerfoot.
9:00 of 1st period - Andy Miele wins face-off versus Alexander Kerfoot in Lightning zone.
9:09 of 1st period - Snap shot by Jaden Schwartz.
9:09 of 1st period - Stopped by Alex Nedeljkovic without a rebound.
9:10 of 1st period - Alexander Kerfoot wins face-off versus Jack Eichel in Lightning zone.
9:17 of 1st period - Snap shot by Mikael Granlund.
9:17 of 1st period - Stopped by Alex Nedeljkovic without a rebound.
9:18 of 1st period - Mikael Granlund wins face-off versus Alexander Kerfoot in Lightning zone.
9:25 of 1st period - Snap shot by Mikael Granlund.
9:25 of 1st period - Shot Misses the Net.
9:27 of 1st period - Wrist shot by Jack Eichel.
9:27 of 1st period - Deflect By Alexander Ovechkin.
9:27 of 1st period - Shot Misses the Net.
9:27 of 1st period - Puck is out of play.
9:28 of 1st period - Nico Hischier wins face-off versus Jack Eichel in Lightning zone.
9:30 of 1st period - Minor Penalty to Rasmus Ristolainen for Holding.
9:31 of 1st period - Alexander Kerfoot wins face-off versus Jack Eichel in Lightning zone.
9:39 of 1st period - John Carlson is hit by Alexander Ovechkin and loses puck.
9:48 of 1st period - Snap shot by Jack Eichel.
9:48 of 1st period - Stopped by Alex Nedeljkovic with a rebound.
11:30 of 1st period - Penalty to Rasmus Ristolainen is over, Rasmus Ristolainen is back on ice.
12:00 of 1st period - Alex DeBrincat is hit by Markus Granlund and loses puck.
12:35 of 1st period - Wrist shot by Shayne Gostisbehere.
12:35 of 1st period - Stopped by Kari Lehtonen without a rebound.
12:36 of 1st period - Jack Eichel wins face-off versus Logan Couture in Predators zone.
12:36 of 1st period - Jack Eichel is hit by Rasmus Ristolainen.
13:00 of 1st period - Lawson Crouse is hit by Scott Laughton and loses puck.
13:15 of 1st period - Tyler Toffoli is hit by Reilly Smith and loses puck.
13:28 of 1st period - Jaden Schwartz is hit by Tyler Toffoli and loses puck.
13:56 of 1st period - John Moore is hit by Max Friberg.
14:04 of 1st period - Snap shot by Teemu Hartikainen.
14:04 of 1st period - Stopped by Kari Lehtonen with a rebound.
14:18 of 1st period - Wrist shot by Mark Pysyk.
14:18 of 1st period - Deflect By Claude Giroux.
14:18 of 1st period - Stopped by Alex Nedeljkovic without a rebound.
14:19 of 1st period - Alexander Kerfoot wins face-off versus Scott Laughton in Lightning zone.
14:19 of 1st period - Alexander Kerfoot is hit by Scott Laughton.
14:25 of 1st period - Mark Pysyk is hit by John Carlson.
14:45 of 1st period - Jaden Schwartz is hit by John Carlson and loses puck.
15:45 of 1st period - Shayne Gostisbehere is hit by Scott Laughton and loses puck.
15:53 of 1st period - Off-side.
15:54 of 1st period - Nico Hischier wins face-off versus Jack Eichel in neutral zone.
16:05 of 1st period - Minor Penalty to Miro Heiskanen for High sticking.
16:06 of 1st period - Jack Eichel wins face-off versus Alexander Kerfoot in Lightning zone.
16:33 of 1st period - Logan Couture is hit by Ryan Mcdonagh.
17:35 of 1st period - Jack Eichel is hit by Rasmus Ristolainen.
18:05 of 1st period - Penalty to Miro Heiskanen is over, Miro Heiskanen is back on ice.
18:35 of 1st period - Slapshot by Teemu Hartikainen.
18:35 of 1st period - Stopped by Kari Lehtonen without a rebound.
18:36 of 1st period - Nico Hischier wins face-off versus Markus Granlund in Predators zone.
18:53 of 1st period - Slapshot by Tyler Toffoli.
18:53 of 1st period - Shot Blocked by Justin Faulk.
19:03 of 1st period - Alex Galchenyuk is hit by Scott Laughton and loses puck.
19:10 of 1st period - Alexander Kerfoot is hit by Claude Giroux and loses puck.
19:11 of 1st period - Alexander Kerfoot from Lightning is injured at 19:11 of 1st period (Broken Ribs).
19:12 of 1st period - Jack Eichel wins face-off versus Brendan Perlini in Lightning zone.
19:48 of 1st period - Icing by Justin Faulk.
19:49 of 1st period - Nico Hischier wins face-off versus Scott Laughton in Predators zone.
19:50 of 1st period - Snap shot by Tyler Toffoli.
19:50 of 1st period - Stopped by Kari Lehtonen without a rebound.
19:51 of 1st period - Jack Eichel wins face-off versus Nico Hischier in Predators zone.
Goals for this period are 1 for Lightning vs 0 for Predators.
Shots for this period are 7 for Lightning vs 9 for Predators.
2nd period
0:01 of 2nd period - Jack Eichel wins face-off versus Brendan Perlini in neutral zone.
0:06 of 2nd period - Slapshot by Mikael Granlund.
0:06 of 2nd period - Stopped by Alex Nedeljkovic without a rebound.
0:07 of 2nd period - Brendan Perlini wins face-off versus Jack Eichel in Lightning zone.
0:13 of 2nd period - Minor Penalty to Justin Faulk for Slashing.
0:14 of 2nd period - Logan Couture wins face-off versus Andy Miele in Predators zone.
0:50 of 2nd period - Slapshot by Rasmus Ristolainen.
0:50 of 2nd period - Stopped by Kari Lehtonen without a rebound.
0:51 of 2nd period - Logan Couture wins face-off versus Claude Giroux in Predators zone.
1:16 of 2nd period - John Moore is hit by Nico Hischier and loses puck.
2:13 of 2nd period - Penalty to Justin Faulk is over, Justin Faulk is back on ice.
2:29 of 2nd period - Snap shot by Alexander Ovechkin.
2:29 of 2nd period - Stopped by Alex Nedeljkovic with a rebound.
2:57 of 2nd period - Claude Giroux is hit by Nico Hischier and loses puck.
4:31 of 2nd period - Snap shot by Logan Couture.
4:31 of 2nd period - Stopped by Kari Lehtonen with a rebound.
4:33 of 2nd period - Slapshot by Michael Kostka.
4:33 of 2nd period - Shot Blocked by Ryan Mcdonagh.
4:35 of 2nd period - Snap shot by Brendan Perlini.
4:35 of 2nd period - Shot Misses the Net.
5:17 of 2nd period - Brendan Perlini is hit by Travis Dermott and loses puck.
5:43 of 2nd period - John Carlson is hit by Reilly Smith and loses puck.
6:32 of 2nd period - Slapshot by Alex Galchenyuk.
6:32 of 2nd period - Deflect By Jesper Fast.
6:32 of 2nd period - Stopped by Kari Lehtonen without a rebound.
6:33 of 2nd period - Jack Eichel wins face-off versus Jesper Fast in Predators zone.
6:52 of 2nd period - Snap shot by Mikael Granlund.
6:52 of 2nd period - Shot Misses the Net.
7:02 of 2nd period - Slapshot by John Moore.
7:02 of 2nd period - Deflect By Jack Eichel.
7:02 of 2nd period - Shot Hit the Post.
7:02 of 2nd period - Puck is out of play.
7:03 of 2nd period - Nico Hischier wins face-off versus Scott Laughton in Lightning zone.
7:20 of 2nd period - Snap shot by Justin Faulk.
7:20 of 2nd period - Stopped by Alex Nedeljkovic without a rebound.
7:21 of 2nd period - Brendan Perlini wins face-off versus Jack Eichel in Lightning zone.
7:25 of 2nd period - Minor Penalty to Brendan Perlini for High sticking.
7:26 of 2nd period - Jack Eichel wins face-off versus Teemu Hartikainen in Lightning zone.
7:27 of 2nd period - Wrist shot by Mikael Granlund.
7:27 of 2nd period - Shot Misses the Net.
7:29 of 2nd period - Slapshot by Ryan Mcdonagh.
7:29 of 2nd period - Shot Blocked by John Carlson.
7:31 of 2nd period - Slapshot by Mikael Granlund.
7:31 of 2nd period - Shot Blocked by Teemu Hartikainen.
7:33 of 2nd period - Slapshot by Justin Faulk.
7:33 of 2nd period - Shot Blocked by John Carlson.
7:35 of 2nd period - Snap shot by Alexander Ovechkin.
7:35 of 2nd period - Goal by Alexander Ovechkin - Lightning : 1 - Predators : 1.
7:36 of 2nd period - Brendan Perlini wins face-off versus Jack Eichel in neutral zone.
7:45 of 2nd period - Wrist shot by Lawson Crouse.
7:45 of 2nd period - Stopped by Kari Lehtonen without a rebound.
7:46 of 2nd period - Brendan Perlini wins face-off versus Jack Eichel in Predators zone.
7:59 of 2nd period - Backhand shot by Justin Faulk.
7:59 of 2nd period - Shot Misses the Net.
8:05 of 2nd period - Snap shot by Jack Eichel.
8:05 of 2nd period - Deflect By Mikael Granlund.
8:05 of 2nd period - Stopped by Alex Nedeljkovic with a rebound.
8:07 of 2nd period - Snap shot by Jack Eichel.
8:07 of 2nd period - Shot Misses the Net.
8:09 of 2nd period - Slapshot by Mikael Granlund.
8:09 of 2nd period - Shot Misses the Net.
8:11 of 2nd period - Slapshot by Alexander Ovechkin.
8:11 of 2nd period - Stopped by Alex Nedeljkovic with a rebound.
8:13 of 2nd period - Slapshot by Justin Faulk.
8:13 of 2nd period - Shot Blocked by Rasmus Ristolainen.
8:15 of 2nd period - Snap shot by Justin Faulk.
8:15 of 2nd period - Shot Misses the Net.
8:17 of 2nd period - Snap shot by Mikael Granlund.
8:17 of 2nd period - Shot Misses the Net.
8:19 of 2nd period - Slapshot by Ryan Mcdonagh.
8:19 of 2nd period - Shot Blocked by Lawson Crouse.
8:21 of 2nd period - Slapshot by Justin Faulk.
8:21 of 2nd period - Shot Misses the Net.
8:23 of 2nd period - Slapshot by Ryan Mcdonagh.
8:23 of 2nd period - Stopped by Alex Nedeljkovic with a rebound.
8:25 of 2nd period - Snap shot by Ryan Mcdonagh.
8:25 of 2nd period - Stopped by Alex Nedeljkovic without a rebound.
8:26 of 2nd period - Scott Laughton wins face-off versus Tyler Toffoli in Lightning zone.
8:27 of 2nd period - Snap shot by Claude Giroux.
8:27 of 2nd period - Goal by Claude Giroux - Lightning : 1 - Predators : 2.
8:28 of 2nd period - Jack Eichel wins face-off versus Brendan Perlini in neutral zone.
8:55 of 2nd period - John Carlson is hit by Justin Faulk and loses puck.
9:01 of 2nd period - Off-side.
9:02 of 2nd period - Alex DeBrincat wins face-off versus Andy Miele in neutral zone.
9:05 of 2nd period - John Moore is hit by Ben Hutton and loses puck.
9:30 of 2nd period - Snap shot by Andy Miele.
9:30 of 2nd period - Stopped by Alex Nedeljkovic with a rebound.
9:32 of 2nd period - Snap shot by Reilly Smith.
9:32 of 2nd period - Stopped by Alex Nedeljkovic with a rebound.
9:34 of 2nd period - Slapshot by Andreas Englund.
9:34 of 2nd period - Deflect By Reilly Smith.
9:34 of 2nd period - Shot Blocked by Miro Heiskanen.
9:34 of 2nd period - Puck is out of play.
9:35 of 2nd period - Brendan Perlini wins face-off versus Jack Eichel in Lightning zone.
9:40 of 2nd period - Mikael Granlund is hit by Lawson Crouse and loses puck.
10:13 of 2nd period - Snap shot by Teemu Hartikainen.
10:13 of 2nd period - Deflect By Daultan Leveillé.
10:13 of 2nd period - Stopped by Kari Lehtonen with a rebound.
11:44 of 2nd period - Icing by Scott Laughton.
11:45 of 2nd period - Brendan Perlini wins face-off versus Scott Laughton in Predators zone.
11:56 of 2nd period - Snap shot by Lawson Crouse.
11:56 of 2nd period - Stopped by Kari Lehtonen without a rebound.
11:57 of 2nd period - Brendan Perlini wins face-off versus Jack Eichel in Predators zone.
12:04 of 2nd period - Snap shot by Alex Galchenyuk.
12:04 of 2nd period - Stopped by Kari Lehtonen with a rebound.
12:10 of 2nd period - Wrist shot by Alex Galchenyuk.
12:10 of 2nd period - Deflect By Lawson Crouse.
12:10 of 2nd period - Stopped by Kari Lehtonen without a rebound.
12:11 of 2nd period - Jack Eichel wins face-off versus Brendan Perlini in Predators zone.
12:45 of 2nd period - Snap shot by Mark Pysyk.
12:45 of 2nd period - Shot Misses the Net.
12:47 of 2nd period - Snap shot by Mark Pysyk.
12:47 of 2nd period - Shot Misses the Net.
12:49 of 2nd period - Slapshot by Ryan Mcdonagh.
12:49 of 2nd period - Stopped by Alex Nedeljkovic without a rebound.
12:50 of 2nd period - Tyler Toffoli wins face-off versus Jack Eichel in Lightning zone.
12:55 of 2nd period - Snap shot by Mikael Granlund.
12:55 of 2nd period - Shot Misses the Net.
12:57 of 2nd period - Slapshot by Travis Dermott.
12:57 of 2nd period - Stopped by Alex Nedeljkovic with a rebound.
12:59 of 2nd period - Slapshot by John Moore.
12:59 of 2nd period - Stopped by Alex Nedeljkovic without a rebound.
13:00 of 2nd period - Jack Eichel wins face-off versus Nico Hischier in Lightning zone.
13:56 of 2nd period - Off-side.
13:57 of 2nd period - Scott Laughton wins face-off versus Brendan Perlini in neutral zone.
13:59 of 2nd period - Off-side.
14:00 of 2nd period - Brendan Perlini wins face-off versus Scott Laughton in neutral zone.
14:37 of 2nd period - Slapshot by Reilly Smith.
14:37 of 2nd period - Shot Misses the Net.
14:39 of 2nd period - Slapshot by Justin Faulk.
14:39 of 2nd period - Shot Misses the Net.
14:41 of 2nd period - Snap shot by Andy Miele.
14:41 of 2nd period - Stopped by Alex Nedeljkovic with a rebound.
14:43 of 2nd period - Wrist shot by Jaden Schwartz.
14:43 of 2nd period - Shot Blocked by John Carlson.
14:53 of 2nd period - Slapshot by Rasmus Ristolainen.
14:53 of 2nd period - Stopped by Kari Lehtonen without a rebound.
14:54 of 2nd period - Logan Couture wins face-off versus Mathieu Joseph in Predators zone.
15:05 of 2nd period - Backhand shot by John Moore.
15:05 of 2nd period - Shot Misses the Net.
15:36 of 2nd period - Slapshot by Nicolas Kerdiles.
15:36 of 2nd period - Stopped by Alex Nedeljkovic with a rebound.
15:46 of 2nd period - Slapshot by Shayne Gostisbehere.
15:46 of 2nd period - Stopped by Kari Lehtonen without a rebound.
15:47 of 2nd period - Jack Eichel wins face-off versus Teemu Hartikainen in Predators zone.
15:47 of 2nd period - Jack Eichel is hit by Miro Heiskanen.
15:55 of 2nd period - Slapshot by Ryan Mcdonagh.
15:55 of 2nd period - Stopped by Alex Nedeljkovic with a rebound.
15:57 of 2nd period - Slapshot by Justin Faulk.
15:57 of 2nd period - Shot Blocked by Rasmus Ristolainen.
16:04 of 2nd period - Minor Penalty to Miro Heiskanen for Delaying the game.
16:05 of 2nd period - Teemu Hartikainen wins face-off versus Jack Eichel in Lightning zone.
18:04 of 2nd period - Penalty to Miro Heiskanen is over, Miro Heiskanen is back on ice.
19:20 of 2nd period - Icing by Nico Hischier.
19:21 of 2nd period - Scott Laughton wins face-off versus Nico Hischier in Lightning zone.
19:52 of 2nd period - Slapshot by Logan Couture.
19:52 of 2nd period - Shot Misses the Net.
Goals for this period are 0 for Lightning vs 2 for Predators.
Shots for this period are 10 for Lightning vs 17 for Predators.
3rd period
0:01 of 3rd period - Brendan Perlini wins face-off versus Jack Eichel in neutral zone.
0:06 of 3rd period - Slapshot by Rasmus Ristolainen.
0:06 of 3rd period - Stopped by Kari Lehtonen without a rebound.
0:07 of 3rd period - Jack Eichel wins face-off versus Brendan Perlini in Predators zone.
0:12 of 3rd period - Snap shot by Alex Galchenyuk.
0:12 of 3rd period - Stopped by Kari Lehtonen without a rebound.
0:13 of 3rd period - Brendan Perlini wins face-off versus Jack Eichel in Predators zone.
0:14 of 3rd period - Snap shot by Alex Galchenyuk.
0:14 of 3rd period - Shot Blocked by Alexander Ovechkin.
0:24 of 3rd period - Snap shot by Jack Eichel.
0:24 of 3rd period - Shot Misses the Net.
0:26 of 3rd period - Wrist shot by Alexander Ovechkin.
0:26 of 3rd period - Stopped by Alex Nedeljkovic with a rebound.
0:45 of 3rd period - Slapshot by Rasmus Ristolainen.
0:45 of 3rd period - Shot Misses the Net.
1:51 of 3rd period - Snap shot by Alex DeBrincat.
1:51 of 3rd period - Stopped by Kari Lehtonen without a rebound.
1:52 of 3rd period - Brendan Perlini wins face-off versus Jack Eichel in Predators zone.
2:19 of 3rd period - Mark Pysyk is hit by Alex DeBrincat and loses puck.
2:28 of 3rd period - Snap shot by Alex DeBrincat.
2:28 of 3rd period - Stopped by Kari Lehtonen without a rebound.
2:29 of 3rd period - Nico Hischier wins face-off versus Jack Eichel in Predators zone.
2:30 of 3rd period - Wrist shot by Alex DeBrincat.
2:30 of 3rd period - Shot Blocked by Morgan Rielly.
2:36 of 3rd period - Wrist shot by Nico Hischier.
2:36 of 3rd period - Stopped by Kari Lehtonen with a rebound.
2:56 of 3rd period - Tyler Toffoli is hit by Morgan Rielly.
3:05 of 3rd period - Wrist shot by Jaden Schwartz.
3:05 of 3rd period - Stopped by Alex Nedeljkovic with a rebound.
3:07 of 3rd period - Slapshot by Andy Miele.
3:07 of 3rd period - Stopped by Alex Nedeljkovic with a rebound.
3:09 of 3rd period - Slapshot by Andreas Englund.
3:09 of 3rd period - Shot Blocked by Tyler Toffoli.
3:43 of 3rd period - Scott Laughton is hit by Brendan Perlini and loses puck.
4:20 of 3rd period - Minor Penalty to Alexander Ovechkin for Slashing.
4:21 of 3rd period - Logan Couture wins face-off versus Andy Miele in Predators zone.
5:05 of 3rd period - Alex DeBrincat is hit by Jaden Schwartz and loses puck.
5:11 of 3rd period - Icing by Nico Hischier.
5:12 of 3rd period - Nico Hischier wins face-off versus Andy Miele in Lightning zone.
5:41 of 3rd period - Icing by Shayne Gostisbehere.
5:42 of 3rd period - Logan Couture wins face-off versus Claude Giroux in Lightning zone.
6:05 of 3rd period - Morgan Rielly is hit by Tyler Toffoli and loses puck.
6:20 of 3rd period - Penalty to Alexander Ovechkin is over, Alexander Ovechkin is back on ice.
6:36 of 3rd period - Wrist shot by Max Friberg.
6:36 of 3rd period - Shot Blocked by Jaden Schwartz.
7:30 of 3rd period - Slapshot by Justin Faulk.
7:30 of 3rd period - Deflect By Tyler Toffoli.
7:30 of 3rd period - Stopped by Alex Nedeljkovic with a rebound.
7:59 of 3rd period - Off-side.
8:00 of 3rd period - Daultan Leveillé wins face-off versus Jack Eichel in neutral zone.
8:05 of 3rd period - Wrist shot by Teemu Hartikainen.
8:05 of 3rd period - Stopped by Kari Lehtonen with a rebound.
8:23 of 3rd period - Wrist shot by Morgan Rielly.
8:23 of 3rd period - Stopped by Alex Nedeljkovic with a rebound.
8:25 of 3rd period - Slapshot by Markus Granlund.
8:25 of 3rd period - Stopped by Alex Nedeljkovic without a rebound.
8:26 of 3rd period - Brendan Perlini wins face-off versus Markus Granlund in Lightning zone.
8:35 of 3rd period - Lawson Crouse is hit by Markus Granlund and loses puck.
9:41 of 3rd period - Andreas Englund is hit by Ben Hutton and loses puck.
10:27 of 3rd period - Wrist shot by Markus Granlund.
10:27 of 3rd period - Shot Misses the Net.
10:33 of 3rd period - Morgan Rielly is hit by Alex Galchenyuk and loses puck.
10:52 of 3rd period - Snap shot by Lawson Crouse.
10:52 of 3rd period - Shot Misses the Net.
11:00 of 3rd period - Nicolas Kerdiles is hit by Alex Galchenyuk and loses puck.
11:13 of 3rd period - Wrist shot by Mathieu Joseph.
11:13 of 3rd period - Shot Misses the Net.
11:27 of 3rd period - Wrist shot by Markus Granlund.
11:27 of 3rd period - Stopped by Alex Nedeljkovic with a rebound.
11:47 of 3rd period - Snap shot by Markus Granlund.
11:47 of 3rd period - Shot Misses the Net.
11:59 of 3rd period - Markus Granlund is hit by Miro Heiskanen and loses puck.
12:45 of 3rd period - Icing by Lawson Crouse.
12:46 of 3rd period - Jack Eichel wins face-off versus Brendan Perlini in Lightning zone.
12:51 of 3rd period - Slapshot by Jack Eichel.
12:51 of 3rd period - Shot Blocked by Ben Hutton.
13:03 of 3rd period - Wrist shot by Jack Eichel.
13:03 of 3rd period - Shot Misses the Net.
13:19 of 3rd period - Slapshot by Lawson Crouse.
13:19 of 3rd period - Stopped by Kari Lehtonen without a rebound.
13:20 of 3rd period - Scott Laughton wins face-off versus Nico Hischier in Predators zone.
13:47 of 3rd period - Rasmus Ristolainen is hit by Travis Dermott and loses puck.
15:16 of 3rd period - Alexander Ovechkin is hit by Logan Couture and loses puck.
16:20 of 3rd period - Max Friberg is hit by Reilly Smith and loses puck.
19:15 of 3rd period - Alexander Ovechkin is hit by Jesper Fast and loses puck.
19:18 of 3rd period - Lightning, Alex Nedeljkovic is pulled from the net.
19:32 of 3rd period - Snap shot by Tyler Toffoli.
19:32 of 3rd period - Stopped by Kari Lehtonen without a rebound.
19:33 of 3rd period - Martin St-Louis call a timeout for Lightning.
19:33 of 3rd period - Alexander Ovechkin wins face-off versus Teemu Hartikainen in Predators zone.
19:50 of 3rd period - Snap shot by Jesper Fast.
19:50 of 3rd period - Stopped by Kari Lehtonen with a rebound.
Goals for this period are 0 for Lightning vs 0 for Predators.
Shots for this period are 9 for Lightning vs 7 for Predators.
Output by the SimonT Hockey Simulator (STHS) for Francois Prevost